 Dungeon Crawl Stone Soup version 0.22.1-1-ga44c0e56f4 (webtiles) character file.

6062 AlolanVulpixel the Covered (level 10, -1/92 HPs)
             Began as a Demonspawn Chaos Knight on Oct 2, 2018.
             Slain by an iron imp (5 damage)
             ... summoned by Xom
             ... on level 1 of the Lair of Beasts on Oct 3, 2018.
             The game lasted 00:25:48 (9064 turns).

AlolanVulpixel the Covered (DsCK)                   Turns: 9064, Time: 00:25:51

Health: -1/92      AC: 15    Str: 17    XL:     10   Next: 57%
Magic:  0/10       EV: 10    Int: 15    God:    Xom [*.....]
Gold:   491        SH:  0    Dex: 12    Spells: 9/9 levels left

rFire    + . .     SeeInvis .   t - +2 battleaxe (elec)
rCold    . . .     Gourm    .   (shield currently unavailable)
rNeg     . . .     Faith    .   w - +0 plate armour
rPois    +         Spirit   +   (helmet restricted)
rElec    .         Reflect  .   r - scarf {repulsion}
rCorr    .         Harm     .   (gloves unavailable)
MR       +....                  (no boots)
Stlth    ..........             v - amulet of guardian spirit
HPRegen  0.25/turn              h - +3 ring of evasion
MPRegen  0.12/turn              (no ring)

@: hasted (expiring), repel missiles, very quick
A: antennae 1, claws 3, talons 1, yellow scales 1, fire resistance 1, magic
resistance 1, poison resistance, robust 2, spiny 2, strong 1, evolution 1
a: Renounce Religion


You were on level 1 of the Lair of Beasts.
You worshipped Xom.
You were a special plaything of Xom.
You were full.

You visited 3 branches of the dungeon, and saw 10 of its levels.
You also visited: Sewer.

You collected 491 gold pieces.

Inventory:

Hand Weapons
 a - a +1 spear of chaos
 t - a +2 battleaxe of electrocution (weapon)
 z - the +2 war axe of the Exiled Hells {pain, rN+ Str+3}
   (You found it on level 1 of the Lair of Beasts)

   In the hands of one skilled in necromantic magic, it inflicts extra damage on
   living creatures.
   It affects your strength (+3).
   It protects you from negative energy.
Missiles
 k - 8 tomahawks (quivered)
 q - 4 tomahawks of returning
 y - 2 poisoned javelins
Armour
 r - a scarf of repulsion (worn)
 w - a +0 plate armour (worn)
Jewellery
 h - a +3 ring of evasion (left claw)
 s - an uncursed amulet of magic regeneration
 v - an amulet of guardian spirit (around neck)
Wands
 f - a wand of paralysis (40)
 l - a wand of enslavement (10)
 p - a wand of digging (15)
 x - a wand of clouds (4)
 B - a wand of disintegration (5)
Scrolls
 b - 6 scrolls of remove curse
 d - 4 scrolls of teleportation
 e - 4 scrolls of noise
 g - 7 scrolls of identify
 i - a scroll of fear
 m - 2 scrolls of immolation
Potions
 n - a potion of magic
 o - a potion of lignification
 u - a potion of flight
Comestibles
 c - 3 rations


   Skills:
 + Level 6.7 Fighting
 + Level 6.3(8.0) Axes
 + Level 7.3(8.4) Polearms
 + Level 1.7 Throwing
 + Level 7.9 Armour
 + Level 3.2 Dodging
 + Level 4.9 Stealth
 + Level 0.3 Evocations


You had 9 spell levels left.
You didn't know any spells.
Your spell library contained the following spells:

 Spells                   Type           Power        Failure   Level  Hunger
 Cause Fear               Hex            #.........   100%        4    #####..
 Silence                  Hex/Air        #.........   100%        5    ######.
 Yara's Violent Unravell  Hex/Tmut       #.........   100%        5    ######.
 Deflect Missiles         Chrm/Air       #.........   100%        6    #######
 Discord                  Hex            #.........   100%        8    #######


Dungeon Overview and Level Annotations

Branches:
Dungeon (8/15)             Temple (1/1) D:4            Lair (1/6) D:8

Altars:
Ashenzari
Cheibriados
Elyvilon
Fedhas
Gozag
Hepliaklqana
Kikubaaqudgha
Makhleb
Nemelex Xobeh
Okawaru
Qazlal
Trog
Uskayaw
Xom
Yredelemnul
Zin

Shops:
D:5 }


Innate Abilities, Weirdness & Mutations

You have claws for hands.
You are partially covered in yellow scales. (AC +2)
You are mostly covered in sharp spines.
You have a pair of small antennae on your head.
You have sharp toenails.
Your flesh is heat resistant. (rF+)
You are resistant to hostile enchantments. (MR+)
Your system is resistant to poisons. (rPois)
You are very robust. (+20% HP)
Your muscles are strong. (Str +2)
You evolve.


Message History

The blink frog looks frightened! x3; The iron imp closely misses you.
The blink frog blinks! x3
The white imp gestures at you.
The puff of frost is repelled.
The shadow imp is struck by your spines.
You kill the shadow imp!
You closely miss the white imp.
You claw the white imp, but do no damage.
You hit the iron imp but do no damage.
The blink frog blinks! x3
The iron imp hits you but does no damage.
The white imp closely misses you.
You hit the white imp.
Lightning courses through the white imp!
Your kick misses the white imp.
The white imp is almost dead.
You barely miss the iron imp. You hit the iron imp but do no damage.
Your extra speed is starting to run out.
The blink frog blinks! x3; The iron imp hits you.
You die... "I guess I need a new plaything now."

.......................>. #### #
......................... ....##
.......................... ......
...........§.............. ......
.............F...§........ ......
..........§....§.................
.................................
...........F.....5...##........##
...............5@5...# ..#### ##
.................F.#.# #.## ##.
............§..###..## #..# ##..
##.#.###.....§.# #...# #..###...
##### #.......###.#....#.##....#
#.####...#..###.##..#...## ###
#...#.÷..###..÷...##
#...#.#......#...##
##...###...##...##


You could see 3 blink frogs, 2 iron imps and a white imp.

Vanquished Creatures
  Pikel (D:4)
  An elephant (D:8)
  A troll (D:7)
  A blink frog (Lair:1)
  Sigmund (D:3)
  5 yaks
  A basilisk (D:8)
  A hungry ghost (D:8)
  An acid dragon (shapeshifter) (D:5)
  A soldier ant (Lair:1)
  2 porcupines (Lair:1)
  Duvessa (D:5)
  A water moccasin (D:6)
  A black bear (D:7)
  An ice beast (D:6)
  An orc warrior (D:6)
  3 sky beasts
  Purgy (Sewer)
  An ogre (D:8)
  3 centaurs
  A crocodile (D:8)
  Blork the orc (D:5)
  3 bullfrogs
  Dowan (D:5)
  A water moccasin skeleton (D:5)
  5 killer bees (D:7)
  9 wights
  A howler monkey (D:4)
  2 bullfrog zombies
  2 crimson imps (D:7)
  9 hounds
  An orc priest (D:7)
  A centaur skeleton (D:7)
  A jelly (D:6)
  4 orc wizards
  Crazy Yiuf (D:4)
  An iguana (D:8)
  3 worker ants
  A hound zombie (D:6)
  A hound skeleton (D:4)
  3 worker ant zombies (D:6)
  Robin (D:3)
  7 gnolls
  A howler monkey skeleton (D:6)
  9 adders
  3 adder skeletons
  5 worms
  3 dart slugs
  4 leopard geckos
  14 orcs
  10 giant cockroaches
  18 goblins
  9 hobgoblins
  11 jackals
  6 kobolds
  5 quokkas
  A ball python (D:4)
  14 bats
  A frilled lizard (D:3)
  A jackal zombie (D:8)
  A leopard gecko zombie (D:5)
  A quokka zombie (D:7)
  10 rats
  A fire vortex (Lair:1)
217 creatures vanquished.

Vanquished Creatures (others)
  Eustachio (D:4)
  An adder (D:4)
  5 orcs (D:4)
  A fire vortex (Lair:1)
8 creatures vanquished.

Grand Total: 225 creatures vanquished

Notes
Turn   | Place    | Note
-------+----------+-------------------------------------------
     0 | D:1      | AlolanVulpixel the Demonspawn Chaos Knight began the quest
                  | for the Orb.
     0 | D:1      | Reached XP level 1. HP: 18/18 MP: 1/1
    45 | D:1      | XOM: harmless Air miscast
    62 | D:1      | Gained mutation: You are partially covered in sharp spines.
                  | [demonic ancestry]
    62 | D:1      | Reached XP level 2. HP: 22/24 MP: 2/2
   956 | D:2      | Reached XP level 3. HP: 28/30 MP: 3/3
  1034 | D:1      | Reached skill level 1 in Dodging
  1367 | D:2      | XOM: harmless Tmut miscast
  1403 | D:2      | Gained mutation: You are mostly covered in sharp spines.
                  | [demonic ancestry]
  1403 | D:2      | Reached XP level 4. HP: 37/37 MP: 4/4
  1920 | D:3      | Noticed Robin
  1933 | D:3      | Noticed Sigmund
  1948 | D:3      | Gained mutation: You have sharp fingernails. [demonic
                  | ancestry]
  1948 | D:3      | Reached XP level 5. HP: 39/42 MP: 5/5
  1949 | D:3      | Killed Robin
  1995 | D:3      | Killed Sigmund
  1995 | D:3      | Reached skill level 1 in Stealth
  1995 | D:3      | Gained mutation: You have very sharp fingernails. [demonic
                  | ancestry]
  1995 | D:3      | Reached XP level 6. HP: 41/48 MP: 6/6
  1996 | D:3      | Found a glowing drain.
  2036 | Sewer    | Entered a sewer
  2093 | Sewer    | Noticed Purgy
  2096 | Sewer    | XOM: harmless Tloc miscast
  2098 | Sewer    | Killed Purgy
  2303 | D:3      | XOM: give mutation
  2303 | D:3      | Gained mutation: You evolve. [Xom's grace]
  2427 | D:3      | Reached skill level 1 in Throwing
  2675 | D:4      | Noticed a slave
  2675 | D:4      | Noticed a slave
  2676 | D:4      | Noticed Pikel
  2676 | D:4      | Noticed a slave
  2677 | D:4      | Noticed a slave
  2683 | D:4      | XOM: cast spell 'Alistair's Intoxication'
  2688 | D:4      | Killed Pikel
  2688 | D:4      | Reached skill level 5 in Polearms
  2688 | D:4      | Reached XP level 7. HP: 38/55 MP: 7/7
  2715 | D:4      | Noticed Eustachio
  2745 | D:4      | XOM: divination: detect creatures
  2779 | D:4      | Killed Eustachio
  2805 | D:4      | XOM: scenery: create altars
  2809 | D:4      | Gained mutation: You have claws for hands. [demonic
                  | ancestry]
  2809 | D:4      | Reached XP level 8. HP: 14/61 MP: 8/8
  2809 | D:4      | XOM: harmless Pois miscast
  2841 | D:4      | Gained mutation: You are partially covered in yellow
                  | scales. (AC +2) [evolution]
  2863 | D:4      | XOM: give mutations
  2863 | D:4      | Gained mutation: Your muscles are strong. (Str +2) [Xom's
                  | grace]
  2863 | D:4      | Gained mutation: Your flesh is heat resistant. (rF+) [Xom's
                  | grace]
  2863 | D:4      | Gained mutation: You have large cloven feet. [Xom's grace]
  2979 | D:4      | XOM: cloud trail
  3402 | D:4      | XOM: 1-stop teleportation journey
  3409 | D:4      | Found a sparkling altar of Nemelex Xobeh.
  3488 | D:4      | Found a staircase to the Ecumenical Temple.
  3500 | Temple   | Entered the Ecumenical Temple
  3624 | Temple   | XOM: give mutation
  3624 | Temple   | Gained mutation: You have a pair of small antennae on your
                  | head. [Xom's grace]
  3704 | D:4      | Found a runed door.
  4176 | D:4      | Noticed Crazy Yiuf
  4181 | D:4      | Killed Crazy Yiuf
  4227 | D:5      | Entered Level 5 of the Dungeon
  4338 | D:5      | Noticed Blork the orc
  4354 | D:5      | Killed Blork the orc
  4354 | D:5      | Reached skill level 5 in Fighting
  4417 | D:5      | XOM: 2-stop teleportation journey
  4688 | D:5      | XOM: destruction
  4785 | D:5      | XOM: mild Conj miscast
  5060 | D:5      | Found Milaaf's Gadget Boutique.
  5148 | D:5      | Noticed Dowan
  5149 | D:5      | Noticed Duvessa
  5164 | D:5      | Killed Duvessa
  5175 | D:5      | Killed Dowan
  5175 | D:5      | Reached skill level 5 in Armour
  5691 | D:6      | Mutation became permanent: You are partially covered in
                  | yellow scales. (AC +2) [demonic ancestry]
  5691 | D:6      | Gained mutation: You are partially covered in yellow
                  | scales. (AC +2) [demonic ancestry]
  5691 | D:6      | Reached XP level 9. HP: 61/68 MP: 9/9
  5786 | D:6      | XOM: god gift: 7 sling bullets
  5822 | D:6      | XOM: god gift: wand of clouds (4)
  5868 | D:6      | XOM: god gift: 2 poisoned javelins
  5869 | D:6      | XOM: summons 9 friendly demons
  5911 | D:6      | XOM: 4-stop teleportation journey
  6160 | D:6      | Found a shimmering altar of Xom.
  6348 | D:7      | XOM: give mutations
  6348 | D:7      | Gained mutation: Your system is resistant to poisons.
                  | (rPois) [Xom's grace]
  6348 | D:7      | Gained mutation: You are resistant to hostile enchantments.
                  | (MR+) [Xom's grace]
  6348 | D:7      | Gained mutation: You expend magic power (3 MP) to
                  | strengthen your wands. [Xom's grace]
  6348 | D:7      | Gained mutation: You can translocate small distances at
                  | will. [Xom's grace]
  6369 | D:7      | XOM: 1-stop teleportation journey
  6401 | D:7      | XOM: god gift: crooked smoking staff {god gift}
  6441 | D:7      | XOM: cleaving
  6682 | D:7      | XOM: give mutations
  6682 | D:7      | Gained mutation: You are robust. (+10% HP) [Xom's grace]
  6682 | D:7      | Gained mutation: You are very robust. (+20% HP) [Xom's
                  | grace]
  6696 | D:7      | Reached skill level 1 in Axes
  6697 | D:7      | XOM: scenery: create altars
  6836 | D:7      | Noticed a troll
  6845 | D:7      | Killed a troll
  7033 | D:7      | XOM: scenery: 1 doors open
  7172 | D:7      | Lost mutation: You can translocate small distances at will.
                  | [potion of mutation]
  7172 | D:7      | Lost mutation: You expend magic power (3 MP) to strengthen
                  | your wands. [potion of mutation]
  7172 | D:7      | Lost mutation: You have large cloven feet. [potion of
                  | mutation]
  7172 | D:7      | Gained mutation: You have sharp toenails. [potion of
                  | mutation]
  7514 | D:8      | Found an opulent altar of Gozag.
  7569 | D:8      | XOM: scenery: create altars
  7762 | D:8      | Reached XP level 10. HP: 78/91 MP: 10/10
  7860 | D:8      | XOM: destruction
  7936 | D:8      | Found a burning altar of Makhleb.
  7948 | D:8      | Found a staircase to the Lair.
  7949 | D:8      | Noticed an elephant
  7957 | D:8      | Killed an elephant
  7957 | D:8      | Reached skill level 5 in Axes
  8478 | Lair:1   | Entered Level 1 of the Lair of Beasts
  8612 | Lair:1   | XOM: enchant monster (good)
  8617 | Lair:1   | XOM: enchant monster (good)
  8618 | Lair:1   | XOM: polymorph yak -> soldier ant
  8624 | Lair:1   | XOM: blink monster(s)
  8631 | Lair:1   | XOM: mild Fire miscast
  8935 | Lair:1   | XOM: summons 4 hostile shadow creatures
  8980 | Lair:1   | Got a brightly glowing war axe
  8981 | Lair:1   | Identified the cursed +2 war axe of the Exiled Hells {pain,
                  | rN+ Str+3} (You found it on level 1 of the Lair of Beasts)
  9045 | Lair:1   | XOM: summons 5 hostile demons
  9053 | Lair:1   | XOM: confusion
  9058 | Lair:1   | HP: 3/92 [blink frog (7)]
  9064 | Lair:1   | Slain by an iron imp

Skill      XL: |  1  2  3  4  5  6  7  8  9 10 |
---------------+-------------------------------+-----
Polearms       | 3 4 5 6 7 |  7.3
Armour         | 2 3 4 5 7 |  7.9
Dodging        | 1 2 3 |  3.2
Fighting       | 4 5 6 |  6.7
Stealth        | 1 2 4 |  4.9
Throwing       | 1 |  1.7
Axes           | 4 6 |  6.3
Evocations     | |  0.3

Action                   |  1- 3 |  4- 6 |  7- 9 | 10-12 || total
-------------------------+-------+-------+-------+-------++-------
Melee: Spear             |    96 |   172 |   276 |     4 ||   548
       Kick              |       |       |    64 |    17 ||    81
       Battleaxe         |       |       |    81 |    66 ||   147
Throw: Tomahawk          |       |     8 |       |       ||     8
Evoke: Wand              |       |       |       |     5 ||     5
  Use: Potion            |       |     4 |     8 |     3 ||    15
       Scroll            |       |     4 |     5 |     3 ||    12
 Stab: Confused          |       |     1 |     1 |       ||     2
       Petrified         |       |     1 |       |       ||     1
       Paralysed         |       |       |    17 |       ||    17
  Eat: Ration            |     1 |     1 |     3 |     4 ||     9
       Chunk             |       |     2 |     3 |       ||     5
Armor: Leather armour    |    11 |       |       |       ||    11
       Scale mail        |    28 |    48 |    39 |       ||   115
       Skin              |       |    10 |       |       ||    10
       Plate armour      |       |       |    96 |    57 ||   153
       Chain mail        |       |       |     2 |       ||     2
Dodge: Dodged            |    73 |    68 |   163 |    41 ||   345
       Deflected         |       |       |     3 |     2 ||     5
